Map: Romanticide LE

Players

Asuna - Winner!

  • Race: Protoss Protoss
  • League: Master
  • Spawn Location: 11:00

Jason

  • Race: Terran Terran
  • League: Grandmaster
  • Spawn Location: 5:00

Event: DreamHack SC2 Masters 2020 Winter

VOD

Have the link to the VOD?

Description

Time

  • Played on: Oct. 13, 2020, 7:21 p.m.
  • Length: 7:42

All games in this series

Show
View Real Time Build Order
Export as new Build Order

Asuna Protoss - Winner!

Build Orders: 1 Gate Expand, Blink Stalkers 

Get SALT Encoding   

  12  0:00  Probe  
  13  0:13  Pylon  
  13  0:16  Probe  
  14  0:29  Probe (Chrono Boost)  
  14  0:33  Gateway  
  15  0:41  Assimilator, Probe (Chrono Boost)  
  16  0:46  Probe (Chrono Boost)  
  17  0:55  Probe  
  18  1:07  Probe  
  19  1:19  Probe  
  19  1:20  Cybernetics Core  
  20  1:34  Nexus  
  20  1:39  Pylon  
  20  1:43  Probe  
  21  1:52  Assimilator  
  21  1:53  Adept (Chrono Boost)  
  23  2:01  Shield Battery  
  23  2:03  Probe  
  23  2:08  Warp Gate  
  24  2:13  Adept (Chrono Boost)  
  24  2:18  Probe  
  27  2:30  Probe  
  27  2:36  Stalker  
  30  2:42  Probe  
  31  2:44  Twilight Council  
  31  2:52  Probe  
  32  3:00  Probe  
  32  3:04  Probe  
  34  3:12  Probe  
  34  3:16  Probe  
  34  3:17  Stalker  
  38  3:21  Blink (Chrono Boost)  
  38  3:25  Probe  
  39  3:28  Probe  
  40  3:37  Probe  
  41  3:43  Probe  
  41  3:45  Robotics Facility  
  40  3:49  Probe  
  40  3:55  Pylon  
  41  3:57  Gateway x2  
  41  4:01  Probe  
  42  4:04  Probe  
  43  4:12  Stalker  
  43  4:13  Probe  
  43  4:16  Probe  
  47  4:20  Pylon  
  47  4:26  Probe  
  47  4:27  Pylon  
  46  4:33  Observer  
  46  4:35  Gateway  
  46  4:36  Probe  
  46  4:37  Assimilator  
  46  4:38  Probe  
  49  4:42  Assimilator  
  49  4:45  Stalker  
  51  4:48  Probe  
  51  4:51  Pylon  
  46  5:01  Probe x2  
  46  5:03  Stalker x2  
  52  5:08  Observer  
  52  5:13  Probe x2 (Chrono Boost)  
  55  5:17  Stalker  
  57  5:23  Observer, Probe x2 (Chrono Boost)  
  57  5:28  Stalker x2  
  63  5:30  Stalker, Probe  
  63  5:33  Probe  
  67  5:42  Probe  
  68  5:45  Probe  
  68  5:49  Stalker  
  67  5:51  Stalker x2  
  67  5:56  Stalker, Observer  
  59  6:14  Stalker  
  59  6:15  Stalker x2  
  65  6:20  Stalker  
  65  6:25  Observer  
  67  6:33  Nexus  
  67  6:34  Pylon  
  67  6:50  Stalker x4  
  73  7:00  Probe x2  
  75  7:12  Probe x2  
  75  7:24  Probe  
  75  7:25  Probe  
  75  7:28  Twilight Council  
  77  7:30  Gateway  
  77  7:33  Gateway  
  77  7:35  Templar Archives  
  77  7:36  Stalker x4  
Show
View Real Time Build Order
Export as new Build Order

Jason Terran 

Build Orders: Reaper Expand 

Get SALT Encoding   

  12  0:00  SCV  
  13  0:12  SCV  
  14  0:17  Supply Depot  
  14  0:24  SCV  
  15  0:38  SCV  
  15  0:40  Barracks  
  16  0:46  Refinery  
  16  0:50  SCV  
  17  1:03  SCV  
  18  1:15  SCV  
  19  1:28  Orbital Command  
  19  1:29  Reaper  
  20  1:51  Command Center  
  20  1:54  SCV  
  20  1:56  Supply Depot  
  20  2:01  Marine  
  22  2:09  SCV  
  22  2:10  Factory  
  23  2:20  Refinery  
  23  2:21  SCV  
  24  2:24  Marine  
  25  2:31  Bunker  
  25  2:34  SCV  
  26  2:42  Barracks Reactor  
  26  2:46  SCV  
  25  3:05  Starport, Widow Mine  
  26  3:06  Orbital Command  
  26  3:08  SCV  
  27  3:19  Marine x2  
  30  3:27  SCV  
  30  3:28  Widow Mine  
  30  3:33  SCV  
  33  3:39  SCV  
  34  3:41  Marine x2  
  34  3:45  SCV  
  34  3:46  Medivac  
  39  3:51  Widow Mine, SCV  
  42  3:57  SCV  
  45  4:03  SCV  
  46  4:12  Command Center  
  46  4:13  SCV  
  46  4:14  Supply Depot  
  46  4:16  Factory Tech Lab  
  46  4:17  Starport Tech Lab  
  45  4:22  SCV  
  46  4:27  SCV  
  46  4:28  Marine  
  46  4:35  Engineering Bay  
  46  4:36  Raven, Marine  
  49  4:42  Barracks x2  
  49  4:44  Supply Depot  
  48  4:48  Siege Tank  
  51  4:56  SCV  
  50  5:01  Marine x2  
  50  5:02  SCV  
  51  5:08  SCV  
  51  5:14  Terran Infantry Weapons Level 1  
  50  5:15  SCV  
  50  5:16  Refinery  
  50  5:17  Refinery  
  50  5:19  Marine x2  
  50  5:20  SCV  
  54  5:27  SCV  
  55  5:30  Orbital Command  
  55  5:32  Factory Reactor  
  55  5:33  SCV  
  56  5:40  SCV, Marauder x2  
  59  5:45  Marine  
  59  5:46  Marine  
  59  5:47  SCV  
  60  5:52  SCV, Stimpack  
  60  5:53  Combat Shield  
  60  5:57  SCV  
  62  5:59  SCV  
  58  6:08  Marine  
  58  6:09  Marine, Marauder, SCV  
  56  6:15  Widow Mine x2  
  56  6:16  Starport Reactor  
  59  6:19  Marauder  
  61  6:26  Marine x2  
  61  6:30  Marine, SCV  
  61  6:31  SCV  
  63  6:40  Marine  
  63  6:44  Marine x2  
  60  6:48  Marauder  
  58  6:54  SCV x3  
  58  6:58  Widow Mine x2, Marine  
  62  7:02  Marine  
  62  7:03  Marine  
  62  7:06  SCV  
  64  7:09  Marine  
  64  7:11  SCV  
  64  7:16  Marine  
  64  7:20  Marine  
  59  7:22  Marine  
Tags
 
Add a new tag
Caveats
  • Supply blocks, unpowered buildings, or Contaminate may cause inaccurate times.
  • Supply counts are checked every 10 seconds.